TOP OF THE 1ST |
Texas (WIN) Rangers batting - Pitching for Chicago (WIN) White Sox : RHP Steve Friesner
|
Pitching: RHP Steve Friesner
|
|
Batting: RHB Sean Neuroth
|
0-0: Called Strike 0-1: Foul Ball, location: 2F 0-2: Foul Ball, location: 2F 0-2: Ground out 6-3 (Groundball, 6, EV 106.2 MPH)
|
Batting: RHB Carlos Lopez
|
0-0: Called Strike 0-1: Called Strike 0-2: Ball 1-2: Strikes out looking
|
Batting: LHB Josh Stuck
|
0-0: Ground out 5-3 (Groundball, 5, EV 78.1 MPH)
|
Top of the 1st over - 0 runs, 0 hits, 0 errors, 0 left on base; Texas (WIN) 0 - Chicago (WIN) 0 |
BOTTOM OF THE 1ST |
Chicago (WIN) White Sox batting - Pitching for Texas (WIN) Rangers : RHP Pete Rance
|
Pitching: RHP Pete Rance
|
|
Batting: LHB John Thurman
|
0-0: Ground out U3 (Groundball, 3, EV 104.4 MPH)
|
Batting: LHB Carlos Ramirez
|
0-0: Called Strike 0-1: Reached on error, E4 (Groundball, 4, EV 88.8 MPH)
|
Batting: LHB Joe Kirkland
|
0-0: Ball 1-0: Ground out 4-3 (Groundball, 4, EV 78.1 MPH) Carlos Ramirez to third
|
Batting: LHB Angel Tellez
|
0-0: Ball 1-0: Called Strike 1-1: SINGLE (Groundball, 4MD, EV 103.8 MPH) Carlos Ramirez scores
|
Batting: RHB Ron Johansen
|
0-0: Ground out 4-3 (Groundball, 34S, EV 90.0 MPH)
|
Bottom of the 1st over - 1 run, 1 hit, 1 error, 1 left on base; Texas (WIN) 0 - Chicago (WIN) 1 |
TOP OF THE 2ND |
Texas (WIN) Rangers batting - Pitching for Chicago (WIN) White Sox : RHP Steve Friesner
|
Batting: LHB Yat-sen Zhu
|
0-0: Ball 1-0: Ball 2-0: Ball 3-0: Called Strike 3-1: SINGLE (Flyball, 6MD, EV 90.0 MPH)
|
Batting: RHB Matt Sanders
|
0-0: Swinging Strike 0-1: Swinging Strike 0-2: Ball 1-2: Strikes out swinging
|
Batting: LHB Caleb Domino
|
0-0: Ball Passed Ball! Yat-sen Zhu to second 1-0: Ball 2-0: Called Strike 2-1: Ball 3-1: Foul Ball, location: 2F 3-2: Ground out 4-3 (Groundball, 4, EV 83.1 MPH) Yat-sen Zhu to third
|
Batting: RHB Victor Moya
|
0-0: Ground out 4-3 (Groundball, 4, EV 88.1 MPH)
|
Top of the 2nd over - 0 runs, 1 hit, 0 errors, 1 left on base; Texas (WIN) 0 - Chicago (WIN) 1 |
BOTTOM OF THE 2ND |
Chicago (WIN) White Sox batting - Pitching for Texas (WIN) Rangers : RHP Pete Rance
|
Batting: RHB Vic Lucatero
|
0-0: Called Strike 0-1: Called Strike 0-2: Ball 1-2: Foul Ball, location: 2F 1-2: Foul Ball, location: 2F 1-2: Ground out 6-3 (Groundball, 6, EV 91.2 MPH)
|
Batting: RHB Toichiro Fujimoto
|
0-0: DOUBLE (Line Drive, 3D, EV 105.0 MPH)
|
Batting: SHB Josh Conner
|
0-0: Foul Ball, location: 2F 0-1: Called Strike 0-2: Ball 1-2: Foul Ball, location: 2F 1-2: Strikes out swinging
|
Batting: RHB John Iddings
|
0-0: Ground out 4-3 (Groundball, 4MD, EV 104.4 MPH)
|
Bottom of the 2nd over - 0 runs, 1 hit, 0 errors, 1 left on base; Texas (WIN) 0 - Chicago (WIN) 1 |
TOP OF THE 3RD |
Texas (WIN) Rangers batting - Pitching for Chicago (WIN) White Sox : RHP Steve Friesner
|
Batting: RHB Steve Haskins
|
0-0: Called Strike 0-1: Fly out, F8 (Flyball, 8LM, EV 88.1 MPH)
|
Batting: RHB Luis Arce
|
0-0: Ball 1-0: Called Strike 1-1: Ball 2-1: Foul Ball, location: 2F 2-2: Ground out 6-3 (Groundball, 56, EV 91.2 MPH)
|
Batting: RHB Sean Neuroth
|
0-0: Ball 1-0: DOUBLE (Groundball, 5L, EV 103.1 MPH)
|
Batting: RHB Carlos Lopez
|
0-0: Called Strike 0-1: Ball 1-1: SINGLE (Groundball, 6MD, EV 103.8 MPH) Sean Neuroth to third Runner from 3rd tries for Home, throw by CF and OUT! 8-2
|
Top of the 3rd over - 0 runs, 2 hits, 0 errors, 1 left on base; Texas (WIN) 0 - Chicago (WIN) 1 |
BOTTOM OF THE 3RD |
Chicago (WIN) White Sox batting - Pitching for Texas (WIN) Rangers : RHP Pete Rance
|
Batting: LHB John Thurman
|
0-0: Ball 1-0: Ball 2-0: Called Strike 2-1: Called Strike 2-2: Foul Ball, location: 2F 2-2: Ball 3-2: Strikes out looking
|
Batting: LHB Carlos Ramirez
|
0-0: Ball 1-0: Foul Ball, location: 2F 1-1: Ball 2-1: DOUBLE (Line Drive, 78M, EV 106.9 MPH)
|
Batting: LHB Joe Kirkland
|
0-0: Ground out U3 (Groundball, 3L, EV 78.1 MPH) Carlos Ramirez to third
|
Batting: LHB Angel Tellez
|
0-0: Ball 1-0: Ball 2-0: Called Strike 2-1: Swinging Strike 2-2: Fly out, F8 (Flyball, 8RD, EV 105.6 MPH)
|
Bottom of the 3rd over - 0 runs, 1 hit, 0 errors, 1 left on base; Texas (WIN) 0 - Chicago (WIN) 1 |
TOP OF THE 4TH |
Texas (WIN) Rangers batting - Pitching for Chicago (WIN) White Sox : RHP Steve Friesner
|
Batting: LHB Josh Stuck
|
0-0: Foul Ball, location: 2F 0-1: Fly out, F4 (Popup, 34S, EV 68.8 MPH)
|
Batting: LHB Yat-sen Zhu
|
0-0: Fly out, F9 (Flyball, 9, EV 93.1 MPH)
|
Batting: RHB Matt Sanders
|
0-0: Ground out 6-3 (Groundball, 56D, EV 85.0 MPH)
|
Top of the 4th over - 0 runs, 0 hits, 0 errors, 0 left on base; Texas (WIN) 0 - Chicago (WIN) 1 |
BOTTOM OF THE 4TH |
Chicago (WIN) White Sox batting - Pitching for Texas (WIN) Rangers : RHP Pete Rance
|
Batting: RHB Ron Johansen
|
0-0: Ball 1-0: Called Strike 1-1: Ball 2-1: Ball 3-1: Foul Ball, location: 2F 3-2: Strikes out swinging
|
Batting: RHB Vic Lucatero
|
0-0: Ground out 5-3 (Groundball, 56, EV 83.1 MPH)
|
Batting: RHB Toichiro Fujimoto
|
0-0: Ground out 1-3 (Groundball, 13S, EV 70.6 MPH)
|
Bottom of the 4th over - 0 runs, 0 hits, 0 errors, 0 left on base; Texas (WIN) 0 - Chicago (WIN) 1 |
TOP OF THE 5TH |
Texas (WIN) Rangers batting - Pitching for Chicago (WIN) White Sox : RHP Steve Friesner
|
Batting: LHB Caleb Domino
|
0-0: Ball 1-0: Ball 2-0: Called Strike 2-1: Foul Ball, location: 2F 2-2: Strikes out swinging
|
Batting: RHB Victor Moya
|
0-0: Foul Ball, location: 2F 0-1: Swinging Strike 0-2: Foul Ball, location: 2F 0-2: Ball 1-2: Ball 2-2: Ball 3-2: Strikes out swinging
|
Batting: RHB Steve Haskins
|
0-0: Called Strike 0-1: Called Strike 0-2: Foul Ball, location: 2F 0-2: Ball 1-2: Strikes out swinging
|
Top of the 5th over - 0 runs, 0 hits, 0 errors, 0 left on base; Texas (WIN) 0 - Chicago (WIN) 1 |
BOTTOM OF THE 5TH |
Chicago (WIN) White Sox batting - Pitching for Texas (WIN) Rangers : RHP Pete Rance
|
Batting: SHB Josh Conner
|
0-0: Ball 1-0: Ball 2-0: Ball 3-0: Called Strike 3-1: Base on Balls
|
Batting: RHB John Iddings
|
0-0: Called Strike 0-1: Ball 1-1: Called Strike 1-2: Ball 2-2: Strikes out looking
|
Batting: LHB John Thurman
|
0-0: Ball 1-0: 2-RUN HOME RUN (Flyball, 9D, EV 102.5 MPH), Distance : 383 ft
|
Batting: LHB Carlos Ramirez
|
0-0: Called Strike 0-1: Fly out, F9 (Flyball, 9S, EV 89.4 MPH)
|
Batting: LHB Joe Kirkland
|
0-0: Foul Ball, location: 2F 0-1: Foul Ball, location: 2F 0-2: Ball 1-2: Ball 2-2: Fly out, F8 (Line Drive, 8RD, EV 108.1 MPH)
|
Bottom of the 5th over - 2 runs, 1 hit, 0 errors, 0 left on base; Texas (WIN) 0 - Chicago (WIN) 3 |
TOP OF THE 6TH |
Texas (WIN) Rangers batting - Pitching for Chicago (WIN) White Sox : RHP Steve Friesner
|
Batting: RHB Luis Arce
|
0-0: Ground out 6-3 (Groundball, 6MS, EV 84.4 MPH)
|
Batting: RHB Sean Neuroth
|
0-0: Ball 1-0: Ball 2-0: Ball 3-0: Called Strike 3-1: SINGLE (Groundball, 56D, EV 105.6 MPH)
|
Batting: RHB Carlos Lopez
|
0-0: Called Strike 0-1: Grounds into double play, 5-4-3 (Groundball, 56, EV 81.2 MPH)
|
Top of the 6th over - 0 runs, 1 hit, 0 errors, 0 left on base; Texas (WIN) 0 - Chicago (WIN) 3 |
BOTTOM OF THE 6TH |
Chicago (WIN) White Sox batting - Pitching for Texas (WIN) Rangers : RHP Pete Rance
|
Batting: LHB Angel Tellez
|
0-0: Ball 1-0: Foul Ball, location: 2F 1-1: Called Strike 1-2: Foul Ball, location: 2F 1-2: Foul Ball, location: 2F 1-2: Ball 2-2: Fly out, F7 (Flyball, 7, EV 76.9 MPH)
|
Batting: RHB Ron Johansen
|
0-0: Ball 1-0: Fly out, F8 (Flyball, 8RD, EV 95.6 MPH)
|
Batting: RHB Vic Lucatero
|
0-0: Called Strike 0-1: Ball 1-1: Fly out, F7 (Flyball, 7S, EV 85.0 MPH)
|
Bottom of the 6th over - 0 runs, 0 hits, 0 errors, 0 left on base; Texas (WIN) 0 - Chicago (WIN) 3 |
TOP OF THE 7TH |
Texas (WIN) Rangers batting - Pitching for Chicago (WIN) White Sox : RHP Steve Friesner
|
Batting: LHB Josh Stuck
|
0-0: Ball 1-0: Swinging Strike 1-1: Ball 2-1: Called Strike 2-2: Ball 3-2: Foul Ball, location: 2F 3-2: Strikes out swinging
|
Batting: LHB Yat-sen Zhu
|
0-0: Ball 1-0: Ball 2-0: SINGLE (Groundball, 34D, EV 98.1 MPH)
|
Batting: RHB Matt Sanders
|
0-0: Ball 1-0: Foul Ball, location: 2F 1-1: 2-RUN HOME RUN (Flyball, 7D, EV 96.2 MPH), Distance : 385 ft
|
Batting: LHB Caleb Domino
|
0-0: Called Strike 0-1: Called Strike 0-2: Ball 1-2: Foul Ball, location: 2F 1-2: Ball 2-2: Fly out, F5 (Popup, 5F, EV 72.5 MPH)
|
Batting: RHB Victor Moya
|
0-0: Called Strike 0-1: Ball 1-1: Ball 2-1: Swinging Strike 2-2: Ball 3-2: Strikes out swinging
|
Top of the 7th over - 2 runs, 2 hits, 0 errors, 0 left on base; Texas (WIN) 2 - Chicago (WIN) 3 |
BOTTOM OF THE 7TH |
Chicago (WIN) White Sox batting - Pitching for Texas (WIN) Rangers : RHP Pete Rance
|
Batting: RHB Toichiro Fujimoto
|
0-0: Ball 1-0: Ball 2-0: Called Strike 2-1: Swinging Strike 2-2: Ball 3-2: SINGLE (Groundball, 6D, EV 110.6 MPH)
|
Batting: SHB Josh Conner
|
0-0: Called Strike 0-1: DOUBLE (Flyball, 8RXD, EV 94.4 MPH) Toichiro Fujimoto to third
|
Batting: RHB John Iddings
|
0-0: Called Strike 0-1: Called Strike 0-2: Strikes out swinging
|
Batting: LHB John Thurman
|
0-0: Ball 1-0: Ball 2-0: Ground out U3 (Groundball, 3, EV 105.6 MPH)
|
Batting: LHB Carlos Ramirez
|
0-0: Fly out, F8 (Line Drive, 8LM, EV 97.5 MPH)
|
Bottom of the 7th over - 0 runs, 2 hits, 0 errors, 2 left on base; Texas (WIN) 2 - Chicago (WIN) 3 |
TOP OF THE 8TH |
Texas (WIN) Rangers batting - Pitching for Chicago (WIN) White Sox : RHP Steve Friesner
|
Batting: RHB Steve Haskins
|
0-0: Ball 1-0: Ball 2-0: SOLO HOME RUN (Flyball, 9LD, EV 91.2 MPH), Distance : 338 ft
|
Batting: RHB Luis Arce
|
0-0: Ball 1-0: Called Strike 1-1: Foul Ball, location: 2F 1-2: Foul Ball, location: 2F 1-2: Strikes out swinging, 2-3 out at first.
|
Pitching: RHP Luis Castillo
|
|
Batting: RHB Sean Neuroth
|
0-0: SINGLE (Line Drive, 6D, EV 95.0 MPH)
|
Batting: RHB Carlos Lopez
|
0-0: Swinging Strike 0-1: Ball 1-1: Called Strike 1-2: Strikes out swinging
|
Batting: LHB Josh Stuck
|
0-0: Ball 1-0: Ball 2-0: Foul Ball, location: 2F 2-1: Foul Ball, location: 2F 2-2: Foul Ball, location: 2F 2-2: Foul Ball, location: 2F 2-2: Strikes out swinging
|
Top of the 8th over - 1 run, 2 hits, 0 errors, 1 left on base; Texas (WIN) 3 - Chicago (WIN) 3 |
BOTTOM OF THE 8TH |
Chicago (WIN) White Sox batting - Pitching for Texas (WIN) Rangers : RHP Pete Rance
|
Batting: LHB Joe Kirkland
|
0-0: Ground out 5-3 (Groundball, 5L, EV 105.0 MPH)
|
Batting: LHB Angel Tellez
|
0-0: Ball 1-0: Foul Ball, location: 2F 1-1: Ball 2-1: Swinging Strike 2-2: Strikes out swinging
|
Batting: RHB Ron Johansen
|
0-0: Ball 1-0: SOLO HOME RUN (Flyball, 7D, EV 95.0 MPH), Distance : 380 ft
|
Batting: RHB Vic Lucatero
|
0-0: Ball 1-0: Called Strike 1-1: Ground out 4-3 (Groundball, 4M, EV 103.1 MPH)
|
Bottom of the 8th over - 1 run, 1 hit, 0 errors, 0 left on base; Texas (WIN) 3 - Chicago (WIN) 4 |
TOP OF THE 9TH |
Texas (WIN) Rangers batting - Pitching for Chicago (WIN) White Sox : RHP Luis Castillo
|
Pitching: RHP Dave McGee
|
|
Now at 1B: Ron Johansen
|
|
Now at 2B: Josh Conner
|
|
Now at 3B: Nick Kleckner
|
|
Now in LF: Vic Lucatero
|
|
Now in RF: Mike Savage
|
|
Batting: LHB Yat-sen Zhu
|
0-0: Foul Ball, location: 2F 0-1: Swinging Strike 0-2: Ball 1-2: Strikes out swinging
|
Batting: RHB Matt Sanders
|
0-0: Ball 1-0: Swinging Strike 1-1: Foul Ball, location: 2F 1-2: Ball 2-2: Foul Ball, location: 2F 2-2: Ball 3-2: Base on Balls
|
Batting: LHB Caleb Domino
|
0-0: Called Strike 0-1: Foul Ball, location: 2F 0-2: Fly out, F8 (Flyball, 78D, EV 107.5 MPH)
|
Batting: RHB Victor Moya
|
0-0: Ball 1-0: Ball 2-0: Swinging Strike 2-1: Swinging Strike 2-2: Ball 3-2: Base on Balls Matt Sanders to second
|
Batting: RHB Steve Haskins
|
0-0: Called Strike 0-1: Ball 1-1: Ground out 1-3 (Groundball, 15S, EV 69.4 MPH)
|
Top of the 9th over - 0 runs, 0 hits, 0 errors, 2 left on base; Texas (WIN) 3 - Chicago (WIN) 4 |
|